nuka, neutral male human Tourist ---------- # # |........| ---------- ----------- |........| |.........# |.........| ---------------- #|........| |........|# |....$.....)##i|.d............| #--.------- |........|# |.........| i@..............| # # |........|# |.........| |..............| #### ---.------# -------.-.- ---.------------ #### ## # ############ # ## # # # # # # #------ ### # ## ### # ###|....| # # # ## ###.....| # ## #### --|-------------#### |....| # #---------.---- |..............| ### |....| ---- ---.-- #|............| |..............| # |....| |..| |.#..| |............| |..............-## |....| |..| |....+#######|.......>....| |..............| ------ ---- |.<..| |............| ---------------- ------ -------------- nuka the Rambler Experience level: 2 Strength: 10 Dexterity: 10 Constitution: 17 Intelligence: 11 Wisdom: 9 Charisma: 18 Health: 0(15) Energy: 6(6) Def: 0 Gold: 584 Moves: 1730 Dungeon seed: ReYUD-6Nnol_PLJ- Game ID: nuka_1478084788 Your Inventory: Coins $ - 584 gold pieces Weapons a - 25 +2 darts (in quiver) Armor e - an uncursed +0 Hawaiian shirt (being worn) Comestibles c - an uncursed tripe ration d - 5 uncursed food rations Scrolls k - 2 uncursed scrolls of magic mapping o - 3 uncursed scrolls of teleportation s - an uncursed scroll of identify y - an uncursed scroll of remove curse Potions j - 2 uncursed potions of extra healing p - an uncursed potion of oil r - a blessed potion of object detection t - an uncursed potion of invisibility x - an uncursed potion of monster detection Rings n - an uncursed ring of see invisible (on left hand) Tools l - an expensive camera (0:70) m - an uncursed credit card v - an uncursed magic whistle Spells and supernatural/magical abilities: Name Level Category Fail Memory W - pray for help -- divine ? -- Your skills at the end: Fighting Skills Weapon Skills dart [Basic] Spellcasting Skills Final Attributes: You were stridently aligned. You saw invisible. You are dead. Vanquished creatures: a rock piercer an acid blob 2 manes a gnome zombie 2 jackals a kobold a goblin a sewer rat 7 grid bugs 3 lichens 3 newts 23 creatures vanquished. Voluntary challenges: You were vegetarian. You were an atheist. You never hit with a wielded weapon. You read items or engraved 3 times, starting on turn 938. You never genocided any monsters. You never polymorphed an object. You never changed form. You used no wishes. You never split a pudding. You never wrote Elbereth's name. You never violated your personal moral code. Dungeon overview: The Dungeons of Doom: levels 1 to 7 Level 1 a long staircase Level 2 a fountain Level 3 a sink Level 4 a fountain a long staircase Level 5 Level 6 a fountain Level 7 <- You were here a sink History has recorded: On T:1 you entered the Dungeons of Doom to retrieve the Amulet of Yendor! On T:553 you reached level 2 of The Dungeons of Doom. On T:745 you reached level 3 of The Dungeons of Doom. On T:965 you reached level 4 of The Dungeons of Doom. On T:1209 you reached level 5 of The Dungeons of Doom. On T:1554 you reached level 6 of The Dungeons of Doom. On T:1605 you advanced to experience level 2. On T:1635 you reached level 7 of The Dungeons of Doom. Score breakdown: Gold: 524 ( 9253 points) Experience: 2 levels ( 5570 points) Exploration: 7 levels ( 14.29%) (10606 points) Discoveries: 1 item ( 0.34%) ( 1737 points) Valuables value: (no points given unless you survive) Artifact value: 0 ( 0 points) Variety of kills: 11 monsters ( 2.89%) ( 5097 points) Turncount: 1730 turns ( 0 points) Survival: died (score multiplied by 80%) Total score: 25810 Latest messages: The dart misses the manes. The dart misses the manes. The dart hits the manes. You hear some noises. You displace  iU. You hear some noises. You hear some noises in the distance. You hear some noises. You hear the footsteps of a guard on patrol. You hear some noises in the distance. You hear some noises. You hear some noises in the distance. You hear some noises. You hear some noises in the distance. You displace  iU. The manes hits! (2x) The manes bites! The manes hits! (2x) You die... Final status: Aloha nuka the Tourist, killed by a manes... You died in The Dungeons of Doom on dungeon level 7 with 25810 points, and 584 pieces of gold, after 1730 moves. You were level 2 with a maximum of 15 hit points when you died.